 Dungeon Crawl Stone Soup version 0.31-a0-1074-g0b22e4e0f1 (webtiles) character file.

Game seed: 11685397892431724764

365 Jeffwins the Shooter (level 6, -5/30 HPs)
             Began as a Vine Stalker Hexslinger on Dec 6, 2023.
             Was an Initiate of Vehumet.
             Slain by Pikel
             ... wielding a +2 whip of electrocution
              (7 damage)
             ... on level 4 of the Dungeon.
             The game lasted 00:04:16 (2939 turns).

Jeffwins the Shooter (Vine Stalker Hexslinger)      Turns: 2939, Time: 00:04:17

Health: -5/30      AC:  2    Str: 11    XL:     6   Next: 68%
Magic:  0/10       EV: 12    Int: 15    God:    Vehumet [......]
Gold:   164        SH:  0    Dex: 16    Spells: 2/9 levels left

rFire   + . .        b - +2 dagger (venom)
rCold   . . .        (no shield)
rNeg    . . .        (no body armour)
rPois   .            (no helmet)
rElec   .            u - +0 cloak
rCorr   .            q - +0 pair of gloves
SInv    .            (no boots)
Will    .....        (no amulet)
Stlth   +            F - ring of protection from fire
HPRegen 1.05/turn    (no ring)
MPRegen 0.12/turn

%: guardian spirit
@: no status effects
A: fangs 2, regeneration 1, magic shield, antimagic bite, no potion heal 2
a: Renounce Religion


You were on level 4 of the Dungeon.
You worshipped Vehumet.
Vehumet was noncommittal.
You visited 2 branches of the dungeon, and saw 5 of its levels.

You collected 164 gold pieces.


Innate Abilities, Weirdness & Mutations

You have extremely sharp teeth.
Your natural rate of healing is unusually fast.
When hurt, damage is shared between your health and your magic reserves.
Your bite disrupts and absorbs the magic of your enemies.
Potions cannot restore your health.


   Skills:
 + Level 2.1 Fighting
 * Level 4.6 Ranged Weapons
 - Level 1.5 Dodging
 + Level 2.4 Spellcasting
 + Level 0.3 Conjurations
 - Level 3.0 Hexes
 + Level 0.2 Transmutations
 + Level 1.1 Fire Magic
 + Level 0.2 Air Magic
 * Level 2.6 Poison Magic


You had 2 spell levels left.
You knew the following spells:

 Your Spells              Type           Power      Damage    Failure   Level
m - Mephitic Cloud        Conj/Pois/Air  5%         N/A       38%         3
o - Olgreb's Toxic Radia  Pois           9%         N/A       58%         4

Your spell library contained the following spells:

 Spells                   Type           Power      Damage    Failure   Level
 Jinxbite                 Hex            20%        N/A       10%         2
 Sting                    Tmut/Pois      24%        1d4       12%         1
 Magic Dart               Conj           8%         1d3       19%         1
 Poisonous Vapours        Pois/Air       12%        N/A       19%         2
 Call Imp                 Summ           2%         N/A       32%         2
 Sigil of Binding         Hex            10%        N/A       19%         3
 Inner Flame              Hex/Fire       8%         N/A       26%         3
 Cause Fear               Hex            5%         N/A       52%         4
 Dimensional Bullseye     Hex/Tloc       3%         N/A       75%         4
 Iskenderun's Battlesphe  Conj           2%         2d6       99%         5
 Bombard                  Conj/Erth      1%         9d1       100%        6
 Spellforged Servitor     Conj/Summ      1%         N/A       100%        7

Inventory:

Hand Weapons
 a - a +1 sling
 b - a +2 dagger of venom (weapon)
Armour
 c - a +0 robe
 q - a +0 pair of gloves (worn)
 u - a +0 cloak (worn)
 v - +0 ice dragon scales
 w - a +1 robe of willpower
Magical Staves
 e - a staff of earth
 i - a staff of fire
Jewellery
 F - a ring of protection from fire (left hand)
Talismans
 l - a serpent talisman
Scrolls
 d - a scroll of brand weapon {unknown}
 f - 2 scrolls of enchant armour {unknown}
 g - 5 scrolls of identify {unknown}
 h - a scroll of fear {unknown}
 j - 2 scrolls of teleportation {unknown}
 k - 2 scrolls of enchant weapon {unknown}
 m - 3 scrolls of immolation {unknown}
 n - a scroll of torment {unknown}
 o - a scroll of revelation {unknown}
 p - 2 scrolls of poison {!r}
 t - a scroll of vulnerability {unknown}
Potions
 s - a potion of heal wounds {unknown}

Dungeon Overview and Level Annotations

Branches:
Dungeon (4/15)             Temple (1/1) D:4

Altars:
Ashenzari
Cheibriados
Dithmenos
Elyvilon
Fedhas
Gozag
Kikubaaqudgha
Makhleb
Nemelex Xobeh
Qazlal
Ru
Trog
Uskayaw
Vehumet
Wu Jian
Yredelemnul
Zin
The Shining One

Annotations:
D:4 Pikel

##.......## #...# #.........#
#...# #......>..# #...#
############.........####...###
...............................
........###..........####...###
...................<.# #####
........####........†#####
...........5.K@..........######
#....##).#.5.5.......###...[..[
##.......5..............#...###
........####.................##
####.#... #.#.................
....... ..######............
............# #............
.............. .............>
........... ...........(..


You could see Pikel and 4 lemures.


Message History

It was a potion of ambrosia.
You are confused.
Your system rejects the healing.
You feel invigorated. The lemure closely misses you.
You bump into the rock wall.
The lemure hits you.
* * * LOW HITPOINT WARNING * * *
Unknown command.
A lemure comes into view.
Unknown command.
Unknown command.
Pikel zaps a wand.
The puff of flame misses you.
Unknown command.
A lemure comes into view.
The lemure shouts!
Pikel attacks as he pursues you!
Pikel hits you with a +2 whip of electrocution!
* * * LOW HITPOINT WARNING * * *
The lemure attacks as it pursues you! The lemure hits you but does no damage.
Unknown command.
You are too confused!
Pikel attacks as he pursues you! Pikel closely misses you.
Unknown command.
You miss the lemure. You bite the lemure, but do no damage.
You feel less invigorated.
You feel less confused. The lemure hits you.
* * * LOW HITPOINT WARNING * * *
Pikel hits you with a +2 whip of electrocution!
You die...
Pikel says, "Another soul for the market."

Skill      XL: |  1  2  3  4  5 |
---------------+----------------+-----
Ranged Weapons | 2 3 4 |  4.6
Fighting       | 1 2 |  2.1
Poison Magic   | 2 |  2.6
Spellcasting   | 2 |  2.4
Dodging        | |  1.5
Conjurations   | |  0.3
Hexes          | |  3.0
Transmutations | |  0.2
Fire Magic     | |  1.1
Air Magic      | |  0.2

Action                     |  1- 3 |  4- 6 || total
---------------------------+-------+-------++-------
  Melee: Dagger            |       |     9 ||     9
         Bite              |       |     6 ||     6
   Fire: Sling             |    94 |   153 ||   247
    Use: Potion            |       |     1 ||     1
 Armour: Robe              |    31 |    54 ||    85
         Skin              |       |     7 ||     7
  Dodge: Dodged            |    45 |    55 ||   100

Levels and vault maps discovered:
D:1:      dpeg_arrival_rooms_a, layout_loops_ring
D:2:      layout_loops_ring, nrook_mini_vaults, minmay_snake_closets
D:3:      minmay_spotlight, layout_basic, mainiacjoe_overflow_big_doors,
          wad_orctagon
D:4:      layout_rooms, minmay_temple_entry_wispy, uniq_menkaure, uniq_pikel,
          uniq_blork_the_orc
Temple:   nicolae_temple_superstar

Notes
Turn   | Place    | Note
-------+----------+-------------------------------------------
     0 | D:1      | Jeffwins the Vine Stalker Hexslinger began the quest for
                  | the Orb.
     0 | D:1      | Reached XP level 1. HP: 9/9 MP: 3/3
    22 | D:1      | Reached skill level 2 in Ranged Weapons
    87 | D:1      | Reached XP level 2. HP: 14/14 MP: 4/4
   387 | D:1      | Reached skill level 3 in Ranged Weapons
   486 | D:1      | Reached XP level 3. HP: 17/17 MP: 5/5
   891 | D:2      | Reached skill level 1 in Fighting
   923 | D:2      | Reached XP level 4. HP: 20/22 MP: 4/7
   963 | D:2      | HP: 2/22 [poisoned by an adder]
   968 | D:2      | HP: 1/22 [poisoned by an adder]
  1153 | D:2      | Learned a level 4 spell: Olgreb's Toxic Radiance
  1794 | D:3      | Reached XP level 5. HP: 9/25 MP: 4/8
  1834 | D:3      | Reached skill level 4 in Ranged Weapons
  1834 | D:3      | Reached skill level 1 in Poison Magic
  2353 | D:3      | Found a basalt altar of Yredelemnul.
  2360 | D:3      | Found a bloodstained altar of Trog.
  2425 | D:3      | Reached skill level 2 in Spellcasting
  2613 | D:4      | Noticed Menkaure
  2677 | D:4      | Killed Menkaure
  2678 | D:4      | Reached skill level 2 in Fighting
  2678 | D:4      | Reached skill level 2 in Poison Magic
  2678 | D:4      | Reached XP level 6. HP: 30/30 MP: 10/10
  2712 | D:4      | Learned a level 3 spell: Mephitic Cloud
  2745 | D:4      | Found a staircase to the Ecumenical Temple.
  2793 | Temple   | Entered the Ecumenical Temple
  2802 | Temple   | Became a worshipper of Vehumet
  2910 | D:4      | Noticed Blork the orc
  2920 | D:4      | Killed Blork the orc
  2922 | D:4      | Noticed Pikel
  2928 | D:4      | HP: 1/30 [lemure[Pikel] (7)]
  2937 | D:4      | HP: 2/30 [Pikel/+2 whip of electrocution (6)]
  2939 | D:4      | Slain by Pikel

Vanquished Creatures
  Menkaure (D:4)
  Blork the orc (D:4)
  10 adders
  7 orcs
  8 endoplasms
  5 giant cockroaches
  8 goblins
  2 hobgoblins
  3 jackals (D:3)
  6 kobolds
  5 quokkas
  14 ball pythons
  4 bats (D:1)
  2 frilled lizards
  2 rats
78 creatures vanquished.

Table legend: (Time is in decaauts)
 A = Elapsed time spent in this place.
 B = Non-inter-level travel time spent in this place.
 C = Inter-level travel time spent in this place.
 D = Time resting spent in this place.
 E = Time spent auto-exploring this place.
 F = Levels seen in this place.
 G = Mean time per level.
                   A        B        C        D        E       F      G
               +--------+--------+--------+--------+--------+-----+--------+
         Total |   2994 |   2874 |    120 |     87 |   2222 |   5 |  598.8 |
       Dungeon |   2975 |   2863 |    112 |     87 |   2222 |   4 |  743.8 |
        Temple |     18 |     10 |      8 |      0 |      0 |   1 |   18.0 |
               +--------+--------+--------+--------+--------+-----+--------+

Top non-repeatable levels by time:
     D:2: 1043 daAuts
     D:3: 930 daAuts
     D:1: 691 daAuts
     D:4: 311 daAuts
  Temple: 18 daAuts

Table legend:
 A = Non-vault XP
 B = Vault XP
 C = Vault XP percentage of total XP
 D = Non-vault monster count
 E = Vault monster count
 F = Vault count percentage of total count
                 A         B        C        D         E       F
            +---------+---------+-------+---------+---------+-------
      Total |     155 |     367 |  70.3 |      54 |      24 |  30.8
            +---------+---------+-------+---------+---------+-------
        D:1 |      38 |       0 |   0.0 |      23 |       0 |   0.0
        D:2 |      27 |      82 |  75.2 |       9 |      14 |  60.9
        D:3 |      60 |      20 |  25.0 |      14 |       8 |  36.4
        D:4 |      30 |     265 |  89.8 |       8 |       2 |  20.0
            +---------+---------+-------+---------+---------+-------
